Unix NetHack Version 5.0.0-0 post-release - last build May  4 2026 22:22:43 (774f63e81ad911689b3a0859ea89b322d5daca8d,branch:main).

Game began 2026-05-08 15:56:46, ended 2026-05-08 18:47:10.

Drastanta, neutral male gnomish Wizard

         --------------
         |.....B...[..|
         |....<......--################R
         ----.----.----  #      #

Drastanta the Conjurer    St:10 Dx:16 Co:10 In:19 Wi:10 Ch:10  Neutral
Dlvl:9  $:259 HP:0(29) Pw:57(57) AC:4  Xp:5 T:4360 

Latest messages:
 You swap places with your housecat.
 You see here a smoky potion.
 You swap places with your housecat.
 You swap places with your housecat.
 You see here a smoky potion.
 q - a smoky potion.
 You swap places with your housecat.
 You swap places with your housecat.
 You find a hidden door.
 The door resists!
 The door opens.
 With great effort you move the boulder.
 You try to move the boulder, but in vain.
 You hear the footsteps of a guard on patrol.
 You hit the giant bat!
 The giant bat bites!
 The giant bat bites!
 You hit the giant bat!
 The giant bat misses!
 The giant bat bites!
 You miss the giant bat.
 The giant bat bites!
 The giant bat bites!
 You kill the giant bat!
 You see here a giant bat corpse.
 Your housecat eats a giant bat corpse.
 The housecat is still eating.
 You descend the stairs.
 You see here a banded mail.
 The sewer rat disappears!
 You smell a dragon!
 The baby black dragon bites!
 You miss the baby black dragon.
 The baby black dragon bites!
 The baby black dragon turns into a yellow dragon!
 What do you want to throw? [$I or ?*] ?
 Never mind.
 What do you want to throw? [$I or ?*] g
 In what direction? 6
 The carafe crashes on the yellow dragon's head and breaks into shards.
 The potion of paralysis evaporates.
 You stiffen momentarily.
 The blast of acid hits you!
 The acid burns!
 You die...
 Do you want your possessions identified? [ynq] (y) y
 Do you want to see your attributes? [ynq] (y) y
 Do you want an account of creatures vanquished? [ynaq] (y) y
 Do you want to see your conduct and achievements? [ynq] (y) y
 Do you want to see the dungeon overview? [ynq] (y) y

Inventory:
 Coins    ('$')
  $ - 259 gold pieces
 Weapons  (')')
  I - a +0 dart
  a - a blessed +1 quarterstaff (weapon in hands)
 Armor    ('[')
  b - an uncursed +0 cloak of magic resistance (being worn)
  D - an uncursed +0 elven mithril-coat (being worn)
 Comestibles  ('%')
  O - an uncursed food ration
 Scrolls  ('?')
  G - a blessed scroll of amnesia
  J - an uncursed scroll of blank paper
  i - a blessed scroll of confuse monster
  p - an uncursed scroll of confuse monster
  k - an uncursed scroll of create monster
  C - an uncursed scroll of earth
  s - an uncursed scroll of fire
  j - an uncursed scroll of scare monster
 Spellbooks  ('+')
  l - a blessed spellbook of force bolt
 Potions  ('!')
  A - a blessed potion of blindness
  q - an uncursed potion of blindness
  h - an uncursed potion of sleeping
  P - a potion of holy water
  f - 2 uncursed potions of water
 Rings    ('=')
  e - an uncursed ring of free action (on left hand)
  d - an uncursed ring of invisibility
 Wands    ('/')
  c - a wand of sleep (0:8)
  o - a wand of teleportation (0:7)
 Tools    ('(')
  n - a magic marker (0:20)
  y - an uncursed magic whistle
  u - an uncursed tin whistle

Drastanta the Wizard's attributes:

Background:
 You were a Conjurer, a level 5 male gnomish Wizard.
 You were neutral, on a mission for Thoth
 who was opposed by Ptah (lawful) and Anhur (chaotic).
 You were right-handed.
 You were in the Dungeons of Doom, on level 9.
 You entered the dungeon 4360 turns ago.
 You had 316 experience points, 4 more were needed to attain level 6.

Basics:
 You had 0 out of 29 hit points.
 You had all 57 energy points (spell power).
 Your armor class was 4.
 Your wallet contained 259 zorkmids.
 Autopickup was off.

Final Characteristics:
 Your strength was 10 (limit:18/50).
 Your dexterity was 16 (limit:18).
 Your constitution was 10 (limit:18).
 Your intelligence was 19 (limit:19).
 Your wisdom was 10 (limit:18).
 Your charisma was 10 (limit:18).

Final Status:
 You weren't hungry.
 You were unencumbered.
 You were wielding a quarterstaff.
 You had basic skill with quarterstaff and could have enhanced that.

Final Attributes:
 You were piously aligned.
 You were magic-protected.
 You had infravision.
 You aggravated monsters.
 You were guarded.
 Your spell casting was impaired by metallic armor.
 You had free action.
 You are dead.

Miscellaneous:
 You didn't encounter any bones levels.
 Total elapsed playing time was 1 hour, 57 minutes and 42 seconds.

Major events:
 Turn
    1: Drastanta the neutral male gnomish Wizard entered the dungeon
  407: entered the Gnomish Mines
  945: attained the rank of Conjurer (level 3)
 4360: killed by a blast of acid exhaled by a chameleon imitating a yellow dragon

Spells:
 Name                 Level Category     Fail Retention
 force bolt             1   attack        12%   71%-80%
 cure blindness         2   healing       74%  76%-100%

Skills:
 Fighting Skills
   bare handed combat [Unskilled]
   riding             [Unskilled]
 Weapon Skills
   dagger             [Unskilled]
   knife              [Unskilled]
   axe                [Unskilled]
   short sword        [Unskilled]
   club               [Unskilled]
   mace               [Unskilled]
   quarterstaff       [Basic]
   polearms           [Unskilled]
   spear              [Unskilled]
   trident            [Unskilled]
   sling              [Unskilled]
   dart               [Unskilled]
   shuriken           [Unskilled]
 Spellcasting Skills
   attack spells      [Basic]
   healing spells     [Unskilled]
   divination spells  [Unskilled]
   enchantment spells [Basic]
   clerical spells    [Unskilled]
   escape spells      [Unskilled]
   matter spells      [Unskilled]

Voluntary challenges:
 Character rerolling was not enabled.
 You never genocided any monsters.
 You never polymorphed an object.
 You never changed form.
 You used no wishes.
Achievements:
 You entered the Gnomish Mines.
 You entered a shop.
 You attained the rank of Conjurer.

 The Dungeons of Doom: levels 1 to 9
    Level 1:
       A fountain, a sink.
    Level 2:
       A potion shop, a fountain.
       Stairs down to The Gnomish Mines.
    Level 3:
       A general store.
    Level 4:
       Some fountains.
    Level 5:
       Some fountains.
    Level 6:
       Some fountains.
    Level 7:
       A fountain.
    Level 8:
       A general store.
    Level 9: <- You were here.
       Final resting place for
          you, killed by a blast of acid exhaled by a chameleon imitating a yellow dragon.
 The Gnomish Mines:
    Level 3:


Vanquished creatures:
  3 Mordor orcs
  a rock piercer
  2 fog clouds
  a yellow light
  a gray ooze
  3 elf zombies
  a little dog
  2 floating eyes
  a kitten
  a homunculus
  3 kobold leaders
  a kobold shaman
  a hill orc
  a rothe
  a centipede
  a giant bat
  a monkey
 an orc zombie
 an iguana
  3 hobbits
  a giant rat
  a green mold
  2 red molds
  a gnome
  2 gnome zombies
  3 geckos
 10 jackals
  a fox
  a kobold
  3 goblins
  3 grid bugs
  2 bats
  6 lichens
  a kobold zombie
  6 newts
73 creatures vanquished.

No species were genocided or became extinct.

Game over:
                       ----------
                      /          \
                     /    REST    \
                    /      IN      \
                   /     PEACE      \
                  /                  \
                  |    Drastanta     |
                  |      259 Au      |
                  |   killed by a    |
                  |  blast of acid   |
                  |   exhaled by a   |
                  |    chameleon     |
                  |       2026       |
                 *|     *  *  *      | *
        _________)/\\_//(\/(/\)/\//\/|_)_______

Goodbye Drastanta the Wizard...

You died in The Dungeons of Doom on dungeon level 9 with 1898 points,
and 259 pieces of gold, after 4360 moves.
You were level 5 with a maximum of 29 hit points when you died.

